 Dungeon Crawl Stone Soup version 0.21.1-1-g345015f (webtiles) character file.

59 dvd the Chopper (level 3, -1/34 HPs)
             Began as a Deep Dwarf Monk on July 5, 2018.
             Slain by Crazy Yiuf
             ... wielding a +3 quarterstaff of chaos
              (8 damage)
             ... on level 2 of the Dungeon.
             The game lasted 00:04:22 (1446 turns).

dvd the Chopper (Deep Dwarf Monk)                   Turns: 1446, Time: 00:04:23

Health: -1/34      AC:  4    Str: 20    XL:     3   Next: 78%
Magic:  3/3        EV: 14    Int: 10    God:
Gold:   35         SH:  0    Dex: 15    Spells: 2/2 levels left

rFire    . . .     SeeInvis .   a - +0 hand axe
rCold    . . .     Gourm    .   (no shield)
rNeg     . . .     Faith    .   g - +2 robe {Archmagi}
rPois    .         Spirit   .   (no helmet)
rElec    .         Reflect  .   (no cloak)
rCorr    .         Harm     .   (no gloves)
MR       .....     Clarity  +   (no boots)
Stlth    ++........             (no amulet)
HPRegen  0.00/turn              (no ring)
MPRegen  0.08/turn              (no ring)

@: mighty, very slightly contaminated, non-regenerating, invisible
A: damage resistance, heal wounds, clarity, deterioration 1, sense surroundings
1, evolution 1, no regeneration
a: Heal Wounds


You were on level 2 of the Dungeon.
You were not hungry.

You visited 1 branch of the dungeon, and saw 2 of its levels.

You collected 35 gold pieces.

Inventory:

Hand Weapons
 a - a +0 hand axe (weapon)
 h - a +0 hunting sling
Armour
 b - a +0 robe
 g - a +2 robe of the Archmagi (worn)
 k - a +0 ring mail
Scrolls
 e - a scroll of immolation {unknown}
 l - a scroll of identify {unknown}
 n - 3 scrolls of teleportation {unknown}
 p - a scroll of remove curse
Potions
 f - a potion of flight
 j - a potion of lignification
 o - a potion of cancellation
Comestibles
 c - 4 rations
 i - 3 chunks of flesh


   Skills:
 + Level 3.1 Fighting
 + Level 4.3 Axes
 + Level 3.8 Dodging
 + Level 2.8 Stealth


You had 2 spell levels left.
You didn't know any spells.

Dungeon Overview and Level Annotations

Branches:
Dungeon (2/15)

Altars:
Hepliaklqana
Yredelemnul

Annotations:
D:2 Crazy Yiuf


Innate Abilities, Weirdness & Mutations

You are resistant to damage.
You can heal yourself by infusing magical energy.
You passively map a small area around you.
You do not regenerate.
You possess an exceptional clarity of mind.
Your body sometimes deteriorates upon taking damage.
You evolve.


Message History

Unknown command.
You feel very mighty all of a sudden.
Unknown command.
You open the door.
Crazy Yiuf the Enlightened comes into view.
He is wielding a quarterstaff of chaos.
Found a mace.
There is an open door here.
Crazy Yiuf shouts!
You slash Crazy Yiuf!
Crazy Yiuf is heavily wounded.
Crazy Yiuf hits you with a quarterstaff of chaos!
* * * LOW HITPOINT WARNING * * *
You fade into invisibility!
You are very lightly contaminated with residual magic.
You barely miss Crazy Yiuf.
Crazy Yiuf is heavily wounded.
You barely miss Crazy Yiuf.
Crazy Yiuf is heavily wounded.
Crazy Yiuf hits you with a quarterstaff of chaos!
You die...

#### #####
♣♣#####... #)..#♣♣
♣♣..#.##... * *
#..@'.♣♣♣♣..........
,
#.g.#♣..♣......##...
* *
#####♣♣♣.♣...####...
♣♣♣♣♣## #... #...
###### ##... *
#...)# #####.... * ,
#....# ###.....### ,
####.#####...###.# #


You could see Crazy Yiuf (wandering).

Vanquished Creatures
  2 adders (D:2)
  2 dart slugs (D:2)
  A leopard gecko (D:2)
  6 bats
  2 goblins (D:2)
  7 hobgoblins
  3 jackals (D:1)
  A ball python (D:2)
  2 frilled lizards
  4 kobolds
  6 rats
36 creatures vanquished.

Notes
Turn   | Place    | Note
-------+----------+-------------------------------------------
     0 | D:1      | dvd the Deep Dwarf Monk began the quest for the Orb.
     0 | D:1      | Reached XP level 1. HP: 20/20 MP: 1/1
   191 | D:1      | Reached XP level 2. HP: 22/27 MP: 2/2
  1070 | D:2      | Reached XP level 3. HP: 20/34 MP: 3/3
  1099 | D:2      | Reached skill level 4 in Axes
  1230 | D:2      | Found a basalt altar of Yredelemnul.
  1340 | D:2      | Found a hazy altar of Hepliaklqana.
  1430 | D:2      | Found a runed door.
  1437 | D:2      | Gained mutation: Your body sometimes deteriorates upon taking damage. [potion of mutation]
  1437 | D:2      | Gained mutation: You possess an exceptional clarity of mind. [potion of mutation]
  1437 | D:2      | Gained mutation: You evolve. [potion of mutation]
  1441 | D:2      | Noticed Crazy Yiuf
  1446 | D:2      | Slain by Crazy Yiuf

Skill      XL: |  1  2  3 |
---------------+----------+-----
Fighting       | 3 |  3.1
Axes           | 4 |  4.3
Dodging        | |  3.8
Stealth        | |  2.8

Action                   || total
-------------------------++-------
Melee: Hand axe          ||   125
  Use: Scroll            ||     1
       Potion            ||     7
 Stab: Sleeping          ||     4
  Eat: Chunk             ||     2
Armor: Robe              ||    32
Dodge: Dodged            ||    93
